 Dungeon Crawl Stone Soup version 0.28-b1-1-g3c77fb2ed1 (webtiles) character file.

Game seed: 3887089965029452247

9 cbfl8 the Sneak (level 2, -2/27 HPs)
             Began as a Minotaur Delver on Jan 30, 2022.
             Slain by a white imp (5 damage)
             ... on level 5 of the Dungeon.
             The game lasted 00:00:27 (72 turns).

cbfl8 the Sneak (Minotaur Delver)                     Turns: 72, Time: 00:00:27

Health: -2/27      AC:  3    Str: 16    XL:     2   Next: 3%
Magic:  1/1        EV: 11    Int:  7    God:
Gold:   0          SH:  0    Dex: 11    Spells: 1/1 levels left

rFire   . . .      SeeInvis .   a - +0 hand axe
rCold   . . .      Faith    .   (no shield)
rNeg    . . .      Spirit   .   b - +0 leather armour
rPois   .          Reflect  .   (helmet restricted)
rElec   .          Harm     .   (no cloak)
rCorr   .          Rampage  .   (no gloves)
Will    .....                   (no boots)
Stlth   ++........              (no amulet)
HPRegen 0.09/turn               (no ring)
MPRegen 0.07/turn               (no ring)

@: no status effects
A: horns 2, retaliatory headbutt
a: no special abilities


You were on level 5 of the Dungeon.
You visited 1 branch of the dungeon, and saw 1 of its levels.

Inventory:

Hand Weapons
 a - a +0 hand axe (weapon)
Armour
 b - a +0 leather armour (worn)
Wands
 g - a wand of digging (3)
Scrolls
 c - a scroll of fog
 d - a scroll of magic mapping
 e - a scroll of fear
Potions
 f - a potion of haste


   Skills:
 + Level 3.7 Fighting
 + Level 2.4 Axes
 + Level 2.2 Dodging
 + Level 4.4 Stealth


You had one spell level left.
You didn't know any spells.
Your spell library was empty.

Dungeon Overview and Level Annotations

Branches:
Dungeon (5/15)
 Temple: D:4-7

Altars:


Innate Abilities, Weirdness & Mutations

You have a pair of horns on your head.
You reflexively headbutt those who attack you in melee.


Message History

Welcome, cbfl8 the Minotaur Delver.
Will you be the one to retrieve the fabulous Orb of Zot from the depths?
Press ? for a list of commands and other information.
Found a stone staircase leading down.
Found a stone staircase leading down.
Found a scroll of magic mapping.
d - 2 scrolls of magic mapping (gained 1)
As you read the scroll of magic mapping, it crumbles to dust.
You feel aware of your surroundings.
You sensed 1 altar.
An adder comes into view.
The adder hisses angrily.
The adder bites you.
You miss the adder. The adder bites you but does no damage.
The adder closely misses you.
You miss the adder. The adder bites you.
You hit the adder but do no damage. The adder closely misses you.
You furiously retaliate!
You headbutt the adder. The adder closely misses you. You furiously retaliate!
You headbutt the adder!
You kill the adder!
You have reached level 2!
A white imp comes into view.
The white imp shouts!
The white imp gestures at you. The puff of frost hits you!
A worm comes into view.
The white imp gestures at you. The puff of frost hits you.
* * * LOW HITPOINT WARNING * * *
You hit the white imp. You punch the white imp.
The white imp is heavily wounded.
The white imp hits you.
* * * LOW HITPOINT WARNING * * *
The white imp freezes you.
You die...

,,,*,*,,,*,,,,,,#....#.....#****,
,,,,,,,,,,,,,,*,#....#......** *,
********,,,*****###.........,****
* *,,,* #.........,,* * *,,,*
#.##.####**,* * *,,,* #.#*## *,*
* #,,,* #.## *,*
*******#...########..## *,*
,,,,,,,#...#....@5....#******,**
*******#...########........,,,***
* #,,,* #.....###****** * *,,,*
#..#### ***,, * *,,,* #5.#* **,*
* *,,,* #...* *,*
********,,,*******#..##* *,*
,,,,,,,,,,,,,,,,,,..w.,** *,*
,,,,,,,,*,,*,,,,,,,,,,,,*******,*


You could see a white imp.

Vanquished Creatures
  An adder (D:5)
1 creature vanquished.

Notes
Turn   | Place    | Note
-------+----------+-------------------------------------------
     0 | D:5      | cbfl8 the Minotaur Delver began the quest for the Orb.
     0 | D:5      | Reached XP level 1. HP: 19/19 MP: 0/0
    57 | D:5      | Reached XP level 2. HP: 20/27 MP: 1/1
    72 | D:5      | Slain by a white imp

Illustrated notes

Levels and vault maps discovered:
D:5:      layout_cave_pools, trog_wizard, serial_co_window_serial,
          co_window_corner_a, co_window_of_opportunity_a, co_window_corner_a,
          co_window_corner_a, co_window_of_opportunity_a, co_window_paths_c,
          co_window_cross_4, co_window_broadway_b, co_window_broadway_b,
          co_window_2corner, co_window_corner_b, co_window_broadway_a,
          glass_columns_a, glass_columns_c, glass_columns_a, uniq_grinder

Action                   || total
-------------------------++-------
Melee: Hand axe          ||     4
       Punch             ||     1
  Use: Scroll            ||     1
Armor: Leather armour    ||     1
Dodge: Dodged            ||     3
